 Dungeon Crawl Stone Soup version 0.28-a0-863-g8cecda6153 (webtiles) character file.

Game seed: 10429737273498010469

2 demibob the Sneak (level 1, 0/18 HPs)
             Began as a Demonspawn Delver on Nov 19, 2021.
             Was an Initiate of Makhleb.
             Slain by an adder (3 damage)
             ... on level 2 of the Dungeon.
             The game lasted 00:02:10 (670 turns).

demibob the Sneak (Demonspawn Delver)                Turns: 670, Time: 00:02:12

Health: 0/18       AC:  3    Str: 12    XL:     1   Next: 33%
Magic:  1/1        EV: 11    Int: 11    God:    Makhleb [......]
Gold:   69         SH:  0    Dex: 14    Spells: 0/0 levels left

rFire   . . .      SeeInvis .   a - +0 spear
rCold   . . .      Faith    .   (no shield)
rNeg    . . .      Spirit   .   b - +0 leather armour
rPois   .          Reflect  .   (no helmet)
rElec   .          Harm     .   (no cloak)
rCorr   .          Rampage  .   (no gloves)
Will    .....                   (no boots)
Stlth   ++........              (no amulet)
HPRegen 0.06/turn               (no ring)
MPRegen 0.07/turn               (no ring)

@: lethally poisoned (0 -> -5)
A: no striking features
a: Renounce Religion


You were on level 2 of the Dungeon.
You worshipped Makhleb.
Makhleb was noncommittal.
You visited 2 branches of the dungeon, and saw 5 of its levels.

You collected 69 gold pieces.


   Skills:
 - Level 3.0 Fighting
 + Level 2.0 Polearms
 - Level 1.7 Dodging
 - Level 4.5 Stealth


You couldn't memorise any spells.
You didn't know any spells.
Your spell library contained the following spells:

 Spells                   Type           Power      Damage    Failure   Level
 Petrify                  Tmut/Erth      0%         N/A       99%         4
 Metabolic Englaciation   Hex/Ice        0%         N/A       100%        5
 Statue Form              Tmut/Erth      0%         N/A       100%        6

Inventory:

Hand Weapons
 a - a +0 spear (weapon)
Armour
 b - a +0 leather armour (worn)
Wands
 g - a wand of digging (3)
Scrolls
 c - a scroll of fog
 d - a scroll of magic mapping
 e - a scroll of fear
 h - 2 scrolls of brand weapon {unknown}
 i - a scroll of identify {unknown}
 j - a scroll of teleportation {unknown}
Potions
 f - a potion of haste {@q3}
 k - a potion of cancellation {unknown}

Dungeon Overview and Level Annotations

Branches:
Dungeon (5/15)             Temple (1/1) D:5

Altars:
Ashenzari
Cheibriados
Dithmenos
Elyvilon
Gozag
Hepliaklqana
Kikubaaqudgha
Makhleb
Nemelex Xobeh
Okawaru
Qazlal
Ru
Sif Muna
Trog
Uskayaw
Vehumet
Wu Jian
Xom
Yredelemnul
The Shining One

Annotations:
D:4 3 runed translucent doors, ThanksArdit's ghost, amateur MiGl; jasper's ghost, amateur DsBe

###+## #....
#.#.# ###.#.##
......##
......# #S...#
#@#..##.###
#..........
#......#.######
########.# #.#
#.# #.# ##.##
#...########


You could see an adder.


Message History

The adder is heavily wounded.
The adder bites you.
You are poisoned.
The adder poisons you!
You hit the adder.
The adder is severely wounded.
You feel sick. The adder bites you but does no damage.
The adder barely misses you.
Unknown command.
You miss the adder.
The adder is severely wounded.
You feel sick. The adder closely misses you.
Unknown command.
You closely miss the adder.
The adder is severely wounded.
You feel sick. The adder bites you.
You miss the adder.
The adder is severely wounded.
You feel sick. The adder bites you.
* * * LOW HITPOINT WARNING * * *
You are more poisoned.
The adder poisons you!
You are too injured to fight recklessly!
You hit the adder but do no damage.
The adder is severely wounded.
* * * LOW HITPOINT WARNING * * *
You feel sick. The adder bites you.
* * * LOW HITPOINT WARNING * * *
The adder bites you.
You die...

Skill      XL: |  1 |
---------------+----+-----
Polearms       | 2 |  2.0
Fighting       | |  3.0
Dodging        | |  1.7
Stealth        | |  4.5

Action                   || total
-------------------------++-------
Melee: Spear             ||    18
 Stab: Sleeping          ||     1
Armor: Leather armour    ||     3
Dodge: Dodged            ||     7

Levels and vault maps discovered:
D:2:      layout_loops_corners, chequers_serial_rivers_marsh,
          due_unseen_surprise
D:3:      layout_loops_ring
D:4:      layout_loops_ring, mainiacjoe_overflow_concentric_impassable,
          gammafunk_ghost_cemetery
D:5:      layout_basic, minmay_temple_entry_offerings, serial_curves,
          eino_curves_04, eino_curves_03
Temple:   mainiacjoe_temple_cubbyholes

Notes
Turn   | Place    | Note
-------+----------+-------------------------------------------
     0 | D:5      | demibob the Demonspawn Delver began the quest for the Orb.
     0 | D:5      | Reached XP level 1. HP: 18/18 MP: 1/1
     1 | D:5      | Found a staircase to the Ecumenical Temple.
    21 | Temple   | Entered the Ecumenical Temple
   368 | Temple   | Became a worshipper of Makhleb the Destroyer
   449 | D:4      | Found a runed translucent gate.
   450 | D:4      | Found a runed translucent gate.
   450 | D:4      | Found a runed translucent gate.
   451 | D:4      | Noticed ThanksArdit's ghost (amateur MiGl)
   451 | D:4      | Noticed jasper's ghost (amateur DsBe)
   630 | D:2      | Reached skill level 2 in Polearms
   670 | D:2      | Slain by an adder

Vanquished Creatures
  A hobgoblin (D:2)
  A kobold (D:3)
2 creatures vanquished.

Table legend: (Time is in decaauts)
 A = Elapsed time spent in this place.
 B = Non-inter-level travel time spent in this place.
 C = Inter-level travel time spent in this place.
 D = Time resting spent in this place.
 E = Time spent auto-exploring this place.
 F = Levels seen in this place.
 G = Mean time per level.
                   A        B        C        D        E       F      G
               +--------+--------+--------+--------+--------+-----+--------+
         Total |    669 |    631 |     38 |      0 |    392 |   5 |  133.8 |
       Dungeon |    284 |    283 |      1 |      0 |    105 |   4 |   71.0 |
        Temple |    384 |    347 |     37 |      0 |    287 |   1 |  384.0 |
               +--------+--------+--------+--------+--------+-----+--------+

Top non-repeatable levels by time:
  Temple: 384 daAuts
     D:3: 151 daAuts
     D:5: 47 daAuts
     D:2: 43 daAuts
     D:4: 41 daAuts

Table legend:
 A = Non-vault XP
 B = Vault XP
 C = Vault XP percentage of total XP
 D = Non-vault monster count
 E = Vault monster count
 F = Vault count percentage of total count
                 A         B        C        D         E       F
            +---------+---------+-------+---------+---------+-------
      Total |       4 |       0 |   0.0 |       2 |       0 |   0.0
            +---------+---------+-------+---------+---------+-------
        D:2 |       2 |       0 |   0.0 |       1 |       0 |   0.0
        D:3 |       2 |       0 |   0.0 |       1 |       0 |   0.0
            +---------+---------+-------+---------+---------+-------
